Map: Kairos Junction LE

Players

HeroMarine - Winner!

  • Race: Terran Terran
  • Spawn Location: 5:00

Bly

  • Race: Zerg Zerg
  • Spawn Location: 11:00

Event: 2019 WCS Spring

VOD

Have the link to the VOD?

Description

Time

  • Played on: May 17, 2019, 10:50 a.m.
  • Length: 10:40

All games in this series

Show
View Real Time Build Order
Export as new Build Order

HeroMarine Terran - Winner!

Build Orders: Gas First Reaper Expand, Mech, Banshee Rush 

Get SALT Encoding   

  12  0:00  SCV  
  13  0:12  SCV  
  14  0:17  Supply Depot  
  14  0:25  SCV  
  14  0:27  Refinery  
  15  0:38  SCV  
  16  0:44  Barracks  
  16  0:50  SCV  
  17  1:03  SCV  
  18  1:15  SCV  
  19  1:31  Reaper, Orbital Command  
  20  1:43  Command Center  
  20  1:54  Factory  
  20  1:57  SCV  
  21  2:05  Barracks Reactor  
  21  2:10  SCV  
  21  2:14  Supply Depot  
  22  2:16  Refinery  
  22  2:22  SCV  
  23  2:29  Bunker  
  23  2:35  SCV  
  24  2:42  Marine  
  24  2:43  Marine  
  26  2:46  Starport  
  26  2:47  SCV  
  27  2:51  Factory Tech Lab  
  27  2:59  SCV  
  27  3:00  Marine x2  
  29  3:11  SCV  
  28  3:20  Orbital Command  
  28  3:22  Factory Tech Lab  
  28  3:24  SCV  
  29  3:30  Cloaking Field  
  29  3:36  Banshee, SCV  
  29  3:39  Marine x2  
  35  3:46  SCV  
  35  3:48  SCV  
  37  3:53  Siege Tank  
  40  3:58  SCV  
  40  4:00  SCV  
  40  4:02  Marine x2  
  44  4:11  Supply Depot  
  44  4:15  SCV x2  
  44  4:27  SCV x2  
  46  4:32  Banshee  
  46  4:33  Siege Tank  
  46  4:34  Supply Depot  
  51  4:39  SCV x2  
  51  4:41  Marine  
  54  4:46  Marine  
  54  4:51  SCV x2  
  51  4:58  Supply Depot, Marine  
  52  5:03  SCV  
  52  5:04  SCV, Marine  
  55  5:09  Bunker  
  55  5:15  SCV  
  55  5:16  SCV, Marine  
  55  5:20  Supply Depot  
  58  5:22  Marine  
  58  5:28  SCV  
  60  5:34  Marine  
  60  5:36  SCV  
  60  5:40  SCV  
  60  5:42  Siege Tank, Viking  
  64  5:43  Marine  
  65  5:50  SCV  
  65  5:52  SCV  
  65  5:54  Command Center  
  67  6:02  SCV  
  68  6:04  SCV  
  68  6:06  Factory  
  68  6:07  Refinery x2  
  69  6:14  SCV  
  69  6:16  Cyclone, SCV  
  74  6:19  Factory  
  74  6:26  SCV  
  74  6:28  SCV  
  74  6:29  Armory  
  78  6:34  Supply Depot  
  78  6:38  SCV  
  77  6:40  SCV  
  75  6:48  Cyclone  
  78  6:55  Engineering Bay  
  78  6:56  SCV x2, Hellion x2  
  78  6:57  Supply Depot  
  84  7:06  Orbital Command  
  84  7:09  SCV  
  84  7:10  SCV  
  84  7:13  Cyclone  
  84  7:14  Factory  
  89  7:16  Mag-Field Accelerator, Factory  
  89  7:18  Hellion x2  
  89  7:22  Cyclone, SCV x2  
  98  7:30  Supply Depot  
  98  7:32  Terran Vehicle And Ship Armor Level 1  
  98  7:35  SCV x2  
  98  7:36  Missile Turret, Orbital Command  
  100  7:40  Hellion  
  100  7:41  Hellion  
  104  7:47  SCV x2  
  104  7:48  Missile Turret  
  106  7:55  Refinery  
  106  7:56  Refinery  
  104  7:59  SCV x2  
  104  8:02  SCV  
  104  8:03  Refinery  
  104  8:04  Cyclone x2, Refinery  
  104  8:05  Factory Reactor  
  112  8:07  Factory Tech Lab  
  112  8:11  SCV x2  
  114  8:14  SCV  
  114  8:19  Infernal Pre-Igniter  
  115  8:22  Supply Depot  
  115  8:23  Supply Depot, SCV x2  
  115  8:26  SCV  
  118  8:31  Supply Depot x2  
  118  8:32  Cyclone  
  119  8:34  Hellion  
  119  8:35  Hellion  
  119  8:37  Missile Turret  
  123  8:43  Cyclone x2  
  123  8:46  Supply Depot, Hellion x2  
  130  8:59  Missile Turret  
  127  9:04  Cyclone, Hellion x2  
  127  9:08  Hellion  
  136  9:11  Hellion  
  136  9:14  Sensor Tower  
  136  9:15  Cyclone x2  
  144  9:26  Hellion x2  
  144  9:29  Hellion  
  148  9:35  Hellion  
  148  9:36  Cyclone  
  151  9:42  Viking  
  153  9:47  Cyclone x2, Hellion x2  
  153  9:51  Hellion  
  165  9:55  SCV x3  
  165  9:56  Command Center  
  165  9:57  Hellion  
  160  10:08  Cyclone, Hellion  
  160  10:11  Hellion  
  158  10:23  SCV  
  158  10:24  SCV x2  
Show
View Real Time Build Order
Export as new Build Order

Bly Zerg 

Build Orders: Hatch First 

Get SALT Encoding   

  12  0:01  Drone  
  13  0:13  Overlord  
  13  0:16  Drone  
  14  0:32  Drone x2  
  16  0:44  Drone  
  17  0:51  Hatchery  
  17  0:56  Drone  
  17  0:58  Drone  
  18  1:05  Extractor  
  17  1:14  Spawning Pool  
  17  1:17  Drone  
  17  1:20  Drone  
  18  1:29  Drone  
  19  1:41  Overlord  
  19  1:55  Drone  
  20  2:02  Queen  
  20  2:03  Zergling x2, Queen  
  20  2:04  Zergling x2  
  26  2:10  Metabolic Boost  
  26  2:15  Drone x2  
  28  2:26  Extractor  
  28  2:28  Drone x2  
  29  2:40  Spore Crawler  
  28  2:48  Overlord  
  28  2:51  Overlord, Drone x2  
  32  2:53  Lair  
  32  2:57  Extractor  
  30  3:14  Drone x4  
  30  3:15  Extractor, Drone x3  
  30  3:16  Queen  
  30  3:18  Extractor  
  37  3:32  Extractor  
  37  3:35  Extractor  
  37  3:39  Zergling x10  
  42  3:43  Hatchery  
  41  3:54  Zergling x12  
  47  4:07  Spore Crawler  
  46  4:17  Drone x5  
  52  4:25  Nydus Network  
  52  4:31  Overlord  
  51  4:33  Overlord  
  51  4:34  Queen  
  51  4:35  Overlord  
  51  4:44  Queen  
  50  4:51  Zergling x10  
  49  4:56  Zergling x4, Queen  
  49  4:59  Zergling x2  
  54  5:00  Zergling x2  
  54  5:01  Overseer  
  54  5:05  Nydus Canal  
  51  5:09  Queen  
  51  5:16  Spore Crawler  
  51  5:20  Nydus Canal  
  49  5:33  Drone x7  
  54  5:47  Overseer  
  54  5:49  Drone x2  
  57  5:50  Drone x3  
  59  5:58  Overlord  
  59  6:04  Drone  
  59  6:05  Roach Warren, Drone x3  
  59  6:11  Evolution Chamber  
  61  6:14  Evolution Chamber  
  61  6:16  Spore Crawler  
  61  6:17  Drone x2  
  60  6:19  Drone  
  60  6:23  Overlord  
  61  6:27  Drone x3  
  61  6:30  Drone  
  65  6:33  Spore Crawler  
  65  6:36  Overseer  
  65  6:38  Spore Crawler  
  62  6:45  Zerg Ground Armor Level 1, Overseer  
  62  6:46  Zerg Missile Weapons Level 1  
  62  6:53  Drone x4  
  62  6:54  Drone  
  67  6:56  Drone  
  67  7:00  Glial Reconstitution  
  68  7:07  Drone x2  
  68  7:08  Drone x3  
  73  7:16  Overlord  
  73  7:18  Overlord  
  73  7:23  Extractor  
  73  7:24  Overlord  
  73  7:26  Overseer  
  71  7:39  Drone x7  
  71  7:43  Overlord  
  78  7:45  Drone x5  
  83  7:52  Roach x7  
  96  8:01  Roach x4  
  102  8:15  Roach  
  102  8:16  Roach  
  102  8:19  Overlord x2  
  105  8:20  Overlord  
  105  8:22  Overlord  
  105  8:26  Nydus Canal  
  105  8:30  Extractor  
  105  8:31  Overlord  
  105  8:32  Overlord x5  
  104  8:34  Overlord  
  104  8:36  Tunneling Claws  
  104  8:46  Hatchery  
  104  8:48  Nydus Canal  
  100  9:02  Roach x8  
  116  9:05  Extractor, Infestation Pit  
  114  9:16  Nydus Canal  
  114  9:21  Roach x8  
  114  9:22  Roach  
  132  9:30  Roach  
  132  9:31  Roach x3  
  133  9:33  Evolution Chamber  
  133  9:34  Drone  
  131  9:41  Nydus Canal  
  131  9:45  Drone x6  
  138  9:53  Overlord  
  138  9:54  Overlord, Drone  
  127  10:07  Roach x6  
  133  10:17  Roach  
  133  10:18  Roach x2  
Tags
 
Add a new tag
Caveats
  • Supply blocks, unpowered buildings, or Contaminate may cause inaccurate times.
  • Supply counts are checked every 10 seconds.